 Dungeon Crawl Stone Soup version 0.17-a0-2024-gc284f19 (webtiles) character file.

123 Adamkad1 the Ruffian (level 4, -4/44 HPs)
             Began as a Troll Monk on Oct 10, 2015.
             Killed by nerve-wracking pain
             ... invoked by Grinder
              (14 damage)
             ... on level 3 of the Dungeon.
             The game lasted 00:09:01 (1972 turns).

Adamkad1 the Ruffian (Troll Monk)                   Turns: 1972, Time: 00:09:01

Health: -4/44      AC:  5    Str: 24    XL:     4   Next: 79%
Magic:  3/3        EV: 10    Int:  6    God:
Gold:   82         SH:  0    Dex: 12    Spells: 0 memorised, 3 levels left

rFire  . . .     SeeInvis .       - Unarmed
rCold  . . .     Clarity  .     a - +0 robe
rNeg   . . .     SustAt   +     (no shield)
rPois  .         Gourm    +     (helmet restricted)
rElec  .         Spirit   .     (no cloak)
rCorr  .         Warding  .     (gloves unavailable)
rMut   .         Stasis   .     (boots unavailable)
MR     .....                    (no amulet)
Stlth  +.........               m - +4 ring of strength
                                j - ring of sustain attributes

@: not resistant to hostile enchantments, very unstealthy
A: unfitting armour, claws 3, fast metabolism 3, gourmand, regeneration 2,
shaggy fur 1, tough skin 2
a: no special abilities


You were on level 3 of the Dungeon.
You were full.

You visited 1 branch of the dungeon, and saw 3 of its levels.

You collected 82 gold pieces.

Inventory:

Hand Weapons
 f - a +0 mace
Missiles
 g - a throwing net
 p - 5 large rocks (quivered)
Armour
 a - a +0 robe (worn)
Jewellery
 j - a ring of sustain attributes (left claw)
 m - a +4 ring of strength (right claw)
 q - an uncursed ring of stealth
Wands
 i - a wand of flame (21)
Scrolls
 c - 2 scrolls of identify
 h - a scroll of blinking
 l - a scroll of teleportation {unknown}
Potions
 e - a potion of invisibility {unknown}
Comestibles
 b - 3 bread rations
 d - a meat ration
 k - 2 royal jellies
 n - 8 chunks of flesh


   Skills:
 + Level 2.8 Fighting
 * Level 1.5 Maces & Flails
 + Level 3.0 Dodging
 + Level 1.3 Stealth
 + Level 4.8 Unarmed Combat


You had 3 spell levels left.
You didn't know any spells.

Dungeon Overview and Level Annotations

Branches:
Dungeon (3/15)

Altars:
Vehumet
Yredelemnul

Annotations:
D:3 Grinder


Innate Abilities, Weirdness & Mutations

You are too large for most types of armour.
You have claws for hands.
Your metabolism is lightning-fast.
You like to eat raw meat.
You heal very quickly.
You are covered in fur (AC +1).
You have very tough skin (AC +2).


Message History

Pain shoots through your body!
You closely miss Grinder.
Grinder is lightly wounded.
Grinder gestures at you. You resist with significant effort.
You scratch Grinder but do no damage.
Grinder is lightly wounded.
Grinder gestures at you. Pain shoots through your body!
* * * LOW HITPOINT WARNING * * *
You scratch Grinder but do no damage.
Grinder is lightly wounded.
Grinder gestures.
Grinder blinks!
Grinder gestures.
Grinder blinks!
A giant gecko skeleton comes into view.
Grinder gestures at you. Pain shoots through your body!
You die...

# #.##..##(# ##+##
#.# # #.....##(# #.#
#.# ###.###.##.# #Z#
#.# ........##)#
##.## #.#
###........#
##...#### #.#
#.######## #.....รท.#
#.# #.#
##...####..###.####.#
#.###.###.####.#
#......# #.....#
#.....@###.######
#####.###.####.....#
##...## #.##### #####
#5# #####.# ...#.#
#.#.########
#...........
###.###.#.........


You could see Grinder and a giant gecko skeleton (wandering).

Vanquished Creatures
  6 adders
  An ooze (D:1)
  2 worms (D:2)
  2 giant geckos (D:3)
  2 orcs (D:3)
  6 giant cockroaches
  7 goblins
  7 hobgoblins
  2 quokkas (D:2)
  4 bats
  2 giant newts
  7 kobolds
  9 rats
57 creatures vanquished.

Notes
Turn   | Place    | Note
--------------------------------------------------------------
     0 | D:1      | Adamkad1 the Troll Monk began the quest for the Orb.
     0 | D:1      | Reached XP level 1. HP: 22/22 MP: 0/0
   149 | D:1      | Reached XP level 2. HP: 29/29 MP: 1/1
   939 | D:2      | Found a basalt altar of Yredelemnul.
   944 | D:2      | Reached XP level 3. HP: 36/36 MP: 2/2
  1006 | D:2      | Reached skill level 1 in Maces & Flails
  1160 | D:2      | Reached XP level 4. HP: 44/44 MP: 3/3
  1597 | D:3      | Found a radiant altar of Vehumet.
  1942 | D:3      | Noticed Grinder
  1954 | D:3      | Paralysed by Grinder for 6 turns
  1972 | D:3      | Killed from afar by Grinder

Vault maps used:
D:1:      dpeg_arrival_prison, minmay_misc_feat_more_columns,
          lemuel_another_geyser
D:2:      yredelemnul_altar_generic
D:3:      vehumet_altar_wand_db, uniq_grinder

Action                   |  1- 3 |  4- 6 || total
-------------------------+-------+-------++-------
Melee: Unarmed           |    88 |    61 ||   149
Throw: Large rock        |       |     2 ||     2
  Use: Potion            |     5 |     1 ||     6
       Scroll            |     2 |     2 ||     4
 Stab: Sleeping          |     3 |     1 ||     4
  Eat: Chunk             |    16 |     4 ||    20
